Map: Site Delta LE

Players

Blunts - Winner!

  • Race: Terran Terran
  • League: Diamond
  • Spawn Location: 11:00

SubN

  • Race: Zerg Zerg
  • League: Diamond
  • Spawn Location: 5:00

VOD

Have the link to the VOD?

Description

Time

  • Played on: Jan. 4, 2024, 6:36 p.m.
  • Length: 9:15
Show
View Real Time Build Order
Export as new Build Order

Blunts Terran - Winner!

Build Orders: Liberator Opening, Reaper Expand 

Get SALT Encoding   

  12  0:00  SCV  
  13  0:12  SCV  
  14  0:17  Supply Depot  
  14  0:24  SCV  
  15  0:38  SCV  
  15  0:39  Barracks  
  16  0:45  Refinery  
  16  0:50  SCV  
  17  1:03  SCV  
  18  1:15  SCV  
  19  1:27  Orbital Command  
  19  1:31  Reaper  
  20  1:42  Command Center  
  20  1:53  Supply Depot  
  20  1:56  SCV  
  21  2:08  Factory  
  21  2:13  Marine  
  22  2:16  SCV  
  22  2:19  Refinery  
  23  2:28  SCV  
  24  2:34  Barracks Reactor  
  24  2:40  SCV  
  25  2:49  Supply Depot  
  25  2:52  SCV  
  25  2:55  Orbital Command  
  26  3:00  Starport  
  26  3:05  SCV  
  27  3:17  Barracks Tech Lab, SCV  
  27  3:18  Hellion x2  
  30  3:37  SCV x2  
  30  3:39  Hellion x2  
  35  3:49  SCV  
  35  3:52  Liberator  
  39  4:00  SCV  
  39  4:01  Hellion  
  42  4:06  Supply Depot  
  42  4:07  SCV  
  43  4:12  SCV  
  43  4:14  Marine  
  45  4:19  SCV  
  46  4:28  SCV  
  46  4:29  Supply Depot  
  47  4:31  Marine  
  47  4:35  SCV  
  49  4:40  SCV  
  51  4:52  SCV  
  51  4:53  SCV  
  51  4:55  Starport Reactor  
  51  4:58  Viking  
  54  5:03  Factory Tech Lab  
  54  5:06  SCV x2  
  56  5:18  SCV x2  
  58  5:23  Marine  
  58  5:25  Siege Tank  
  62  5:31  Barracks  
  62  5:33  Barracks  
  62  5:34  Supply Depot  
  62  5:35  Command Center  
  62  5:36  Supply Depot  
  62  5:49  Starport Reactor  
  62  5:51  Stimpack  
  62  5:56  Marauder, SCV x2  
  63  6:02  Refinery  
  63  6:05  Refinery  
  63  6:06  Engineering Bay  
  63  6:07  Engineering Bay, Siege Tank  
  63  6:08  SCV x2  
  68  6:20  Supply Depot, SCV x2  
  68  6:24  Barracks Reactor  
  68  6:25  Barracks Reactor  
  70  6:26  Medivac x2  
  70  6:28  Marauder  
  70  6:32  SCV  
  77  6:34  SCV  
  77  6:36  Terran Infantry Weapons Level 1  
  77  6:38  Terran Infantry Armor Level 1  
  78  6:44  SCV  
  78  6:46  Siege Tank  
  82  6:52  Orbital Command  
  82  6:56  Supply Depot  
  82  6:58  Supply Depot, Marine, SCV x2  
  85  7:02  Marine x3  
  85  7:03  Marine  
  89  7:14  Barracks  
  89  7:16  Barracks, Marine, SCV x2  
  89  7:17  Orbital Command, Armory  
  89  7:20  Marine  
  93  7:25  Supply Depot  
  93  7:28  Supply Depot  
  93  7:31  SCV x2  
  93  7:33  Marine  
  96  7:37  Marine x3  
  96  7:38  Siege Tank, Medivac  
  96  7:39  Medivac  
  96  7:43  SCV x2  
  108  7:50  Supply Depot  
  108  7:58  Marine x5  
  111  8:02  Factory  
  111  8:04  SCV  
  111  8:05  SCV x2  
  116  8:10  Barracks  
  116  8:11  Barracks  
  116  8:12  Marine x2  
  118  8:15  Marine x2  
  118  8:16  Marine x3, SCV  
  118  8:17  SCV  
  107  8:29  Marine  
  107  8:30  Marine  
  107  8:33  Marine x3  
  107  8:34  Marine x2  
  108  8:35  Siege Tank  
  110  8:47  Marine x2  
  112  8:51  Marine x4  
  112  8:52  Marine  
  117  8:57  SCV x3  
  117  9:00  Refinery x2, Barracks Reactor x2  
Show
View Real Time Build Order
Export as new Build Order

SubN Zerg 

Build Orders: Pool First 

Get SALT Encoding   

  12  0:00  Drone  
  13  0:12  Overlord  
  13  0:16  Drone  
  14  0:30  Drone x2  
  16  0:35  Drone  
  17  0:44  Extractor  
  17  0:45  Drone  
  17  0:50  Spawning Pool  
  16  1:11  Hatchery  
  16  1:16  Drone  
  16  1:19  Drone  
  17  1:27  Drone  
  17  1:30  Drone  
  19  1:39  Queen  
  19  1:46  Zergling x2  
  22  1:50  Metabolic Boost  
  22  2:02  Overlord  
  22  2:05  Overlord  
  22  2:19  Queen  
  24  2:27  Queen  
  26  2:33  Zergling x4  
  26  2:34  Zergling x2  
  29  2:40  Drone x2  
  31  2:56  Hatchery  
  30  3:00  Drone  
  30  3:01  Drone  
  30  3:03  Drone  
  33  3:13  Drone x3  
  36  3:31  Drone x7  
  43  3:40  Drone  
  44  3:41  Overlord x2  
  44  3:49  Overlord  
  44  3:56  Lair  
  44  3:57  Extractor  
  44  3:58  Drone  
  44  4:02  Drone x3  
  47  4:08  Extractor  
  43  4:18  Queen  
  43  4:20  Drone x2, Roach Warren  
  43  4:21  Evolution Chamber  
  43  4:22  Evolution Chamber  
  43  4:24  Drone x2  
  46  4:27  Zergling x4  
  48  4:34  Queen  
  49  4:42  Zergling x10  
  54  4:46  Zerg Missile Weapons Level 1  
  54  5:00  Glial Reconstitution  
  53  5:14  Drone x10  
  57  5:29  Spore Crawler  
  57  5:33  Spore Crawler  
  57  5:35  Queen, Spore Crawler  
  54  5:36  Queen  
  54  5:42  Drone x5  
  62  5:43  Drone x2  
  61  6:01  Drone x4  
  61  6:04  Overlord x2  
  65  6:07  Overseer  
  65  6:08  Overseer  
  65  6:22  Zerg Ground Armor Level 1  
  65  6:24  Drone x9  
  74  6:27  Extractor  
  74  6:29  Extractor  
  72  6:34  Hatchery  
  71  6:42  Drone x3  
  71  6:43  Drone x3  
  77  6:49  Extractor  
  77  6:50  Drone x2  
  77  6:51  Zerg Missile Weapons Level 2  
  77  6:53  Drone  
  79  6:57  Drone, Infestation Pit  
  79  6:58  Drone x2  
  79  7:01  Overlord  
  81  7:18  Queen x2  
  81  7:19  Overlord x4  
  85  7:25  Drone x2  
  85  7:27  Drone x2  
  89  7:34  Hive  
  89  7:35  Baneling Nest  
  88  7:39  Drone x5  
  88  7:40  Drone x3, Spire  
  95  7:53  Roach x7  
  95  7:54  Roach  
  111  8:05  Queen  
  111  8:07  Drone x7  
  111  8:10  Overlord, Extractor  
  111  8:12  Overlord, Extractor  
  94  8:34  Roach x2  
  94  8:35  Roach x11  
  116  8:43  Zergling x8  
  120  8:51  Roach  
  120  8:52  Roach x4  
Tags
 
Add a new tag
Caveats
  • Supply blocks, unpowered buildings, or Contaminate may cause inaccurate times.
  • Supply counts are checked every 10 seconds.